 Dungeon Crawl Stone Soup version 0.29-a0-360-g8ed1089bbe (webtiles) character file.

Game seed: 14227438676171112509

4090 Zeldest the Thaumaturge (level 10, -1/75 HPs)
             Began as a Djinni Venom Mage on Apr 28, 2022.
             Was an Initiate of Gozag.
             Slain by an orc wizard
             ... wielding a +0 whip
              (3 damage)
             ... on level 8 of the Dungeon.
             The game lasted 00:15:08 (8942 turns).

Zeldest the Thaumaturge (Djinni Venom Mage)         Turns: 8942, Time: 00:15:09

Health: -1/75      AC:  7    Str:  7    XL:     10   Next: 50%
Gold:   666        EV: 12    Int: 21    God:    Gozag SH:  0 Dex: 14

rFire   + + .      SeeInvis .   a - +7 Throatcutter {drain, coup de grace}
rCold   . . .      Faith    .   (no shield)
rNeg    + + +      Spirit   .   F - +1 robe of Okawaru's Hatred {rN++ Will+}
rPois   ∞          Reflect  .   t - +0 helmet
rElec   .          Harm     .   m - +2 cloak
rCorr   .          Rampage  .   (no gloves)
Will    ++...                   (boots unavailable)
Stlth   ++........              (no amulet)
HPRegen 0.22/turn               p - ring of positive energy
MPRegen 0.00/turn               v - ring of protection from cold

@: gold aura, on blink cooldown, flying
A: sickness immunity, fire resistance 2, cold vulnerability 1, float, innate
caster, HP casting, extra vitality 1
a: Renounce Religion, Potion Petition, Call Merchant, Bribe Branch


You were on level 8 of the Dungeon.
You worshipped Gozag.
Gozag was pleased with you.
You visited 2 branches of the dungeon, and saw 9 of its levels.

You collected 733 gold pieces.
You paid 67 gold pieces to Gozag.

Inventory:

Hand Weapons
 a - the +7 Throatcutter (weapon) {drain, coup de grace}
   (You found it on level 2 of the Dungeon)

   A truly terrible weapon, it drains the life of any living foe it strikes.
   It may instantly kill foes which have little health.
 j - a +0 dagger of draining
 C - a +1 hand axe of flaming
Armour
 m - a +2 cloak (worn)
 t - a +0 helmet (worn)
 F - the +1 robe of Okawaru's Hatred (worn) {rN++ Will+}
   (You found it on level 6 of the Dungeon)

   rN:        It greatly protects you from negative energy.
   Will:      It increases your willpower.
Jewellery
 p - a ring of positive energy (left hand)
 v - a ring of protection from cold (right hand)
Wands
 u - a wand of digging (3)
Scrolls
 c - 2 scrolls of vulnerability {unknown}
 f - a scroll of acquirement {unknown}
 g - 11 scrolls of identify {unknown}
 k - 2 scrolls of amnesia {unknown}
 o - a scroll of fear {unknown}
 q - 2 scrolls of immolation {unknown}
 r - 2 scrolls of magic mapping {unknown}
 s - 7 scrolls of noise {unknown}
 w - a scroll of brand weapon {unknown}
 D - a scroll of fog {unknown}
 E - a scroll of teleportation {unknown}
Potions
 d - a potion of attraction {unknown}
 e - 4 potions of might {unknown}
 h - 3 potions of degeneration {unknown}
 i - a potion of flight {unknown}
 l - 8 potions of curing {unknown}
 n - 2 potions of haste {unknown}
 x - a potion of berserk rage {unknown}
 z - a potion of mutation {unknown}
 A - 2 potions of lignification {unknown}
 B - a potion of cancellation {unknown}


   Skills:
 + Level 7.2 Fighting
 + Level 6.2 Long Blades
 - Level 2.1 Dodging
 - Level 1.5 Stealth
 * Level 8.5 Spellcasting


You had 7 spell levels left.
You knew the following spells:

 Your Spells              Type           Power      Damage    Failure   Level
a - Foxfire               Conj/Fire      100%       2x1d9     1%          1
b - Poisonous Vapours     Pois/Air       88%        N/A       1%          2
c - Mephitic Cloud        Conj/Pois/Air  44%        N/A       1%          3
d - Olgreb's Toxic Radia  Pois           44%        N/A       2%          4
e - Sting                 Tmut/Pois      100%       1d8       1%          1
f - Call Imp              Summ           44%        N/A       1%          2
g - Blink                 Tloc           88%        N/A       1%          2
h - Animate Dead          Necr           22%        N/A       2%          4
Your spell library was empty.

Dungeon Overview and Level Annotations

Branches:
Dungeon (8/15)             Temple (1/1) D:6
   Lair: D:8-11

Altars:
Ashenzari
Cheibriados
Dithmenos
Elyvilon
Fedhas
Gozag
Hepliaklqana
Kikubaaqudgha
Makhleb
Nemelex Xobeh
Okawaru
Qazlal
Ru
Sif Muna
Trog
Uskayaw
Vehumet
Wu Jian
Xom
Yredelemnul
Zin
The Shining One


Innate Abilities, Weirdness & Mutations

You are immune to sickness and miasma.
You are immune to poison.
Your flesh is very heat resistant. (rF++)
You are vulnerable to cold. (rC-)
You float through the air rather than walking.
You learn spells naturally, not from books.
Your magical power is your life essence.
You have superior vitality. (+4 MHP)


Message History

The warg attacks as you move away! The warg bites you.
Items here: $ ) ? [.
The warg attacks as you move away! The warg misses you.
The warg attacks as you move away! The warg bites you. Something hits you.
The warg bites you. The warg bites you but does no damage.
The warg attacks as you move away! The warg barely misses you.
The warg attacks as you move away! The warg bites you!
You hit the warg.
The warg is almost dead.
The warg pauses to sniff the ground.
The warg bites you! The warg barely misses you.
You closely miss the warg.
The warg is almost dead.
The warg closely misses you.
You slash the warg!
You kill the warg!
Aiming: Paralyse
Press: ? - help, Shift-Dir - straight line, f - two-headed ogre
Aim: a two-headed ogre, wielding a +0 giant club and a +0 giant spiked club (chance to affect: 31%)
The two-headed ogre easily resists.
The now-empty wand crumbles to dust.
The two-headed ogre closely misses you.
The two-headed ogre hits you with a +0 giant spiked club!!
* * * LOW HITPOINT WARNING * * *
Okay, then.
Casting: Foxfire (safe; 1% risk of failure)
Confirm with . or Enter, or press ? or * to list all spells.
Okay, then.
Casting: Foxfire (safe; 1% risk of failure)
Confirm with . or Enter, or press ? or * to list all spells.
You blink.
* * * LOW HITPOINT WARNING * * *
Something hits you.
* * * LOW HITPOINT WARNING * * *
Casting: Blink (safe; 1% risk of failure)
Confirm with . or Enter, or press ? or * to list all spells.
You don't have enough health to cast this spell.
Something hits you.
You die...
Your body crumbles into a pile of gold.

.# #.# .# ######.#
.#### #...##.# ....#
#...##.# ....#
#...##.########
....#####
#####..)##........#####
..#.....#
#.......$..............
).#.###Y#
#.###.{O#########.#####
..#.# #.# #.# #.@.# #.#
###.###.###.# #...# #.#
#......)Y...# #...# #.#
+......####.# #...# #.#
#......# #.#
#...####### #.#
#......#
#.###.(.$.....###.####
#......#
#>.....$......'......##
#......#
########......###.##..#
#......# #...####
#+###.#


You could see a two-headed ogre.

Vanquished Creatures
  The ghost of zeratav the Archer, an amateur TeHu (D:3)
  5 yaks (D:8)
  A steam dragon (D:8)
  Grum (D:8)
  A warg (D:8)
  Menkaure (D:5)
  A water moccasin (D:8)
  3 ice beasts
  A black bear (D:5)
  2 wolves (D:8)
  An ogre (D:5)
  2 centaurs
  5 phantoms
  A kobold brigand (D:7)
  4 scorpions
  2 bullfrogs
  A necrophage (D:6)
  3 killer bees (D:7)
  A howler monkey (D:7)
  4 hounds (D:6)
  A jelly (D:6)
  3 orc priests
  An iron imp (D:4)
  Jessica (D:3)
  A gnoll shaman (D:6)
  Ijyb (D:4)
  6 iguanas
  2 orc wizards
  Robin (D:2)
  9 gnolls
  4 adders
  A shadow imp (D:6)
  A white imp (D:6)
  An ufetubus (D:6)
  3 worms
  5 dart slugs
  12 orcs
  3 ball pythons
  5 bats
  8 endoplasms
  3 giant cockroaches (D:2)
  13 hobgoblins
  2 jackals (D:5)
  12 kobolds
  4 quokkas
  5 frilled lizards
  21 goblins
  6 rats
176 creatures vanquished.

Vanquished Creatures (collateral kills)
  A gnoll (D:4)
  A worm (D:4)
  An endoplasm (D:4)
  A kobold (D:4)
  A rat (D:2)
5 creatures vanquished.

Vanquished Creatures (others)
  243 foxfires
  A plant (D:8)
244 creatures vanquished.

Grand Total: 425 creatures vanquished

Notes
Turn   | Place    | Note
-------+----------+-------------------------------------------
     0 | D:1      | Zeldest the Djinni Venom Mage began the quest for the Orb.
     0 | D:1      | Reached XP level 1. HP: 15/15 MP: 0/0
   231 | D:1      | Reached XP level 2. HP: 18/22 MP: 0/0
   611 | D:1      | Reached skill level 1 in Fighting
   986 | D:1      | Reached XP level 3. HP: 17/27 MP: 0/0
   986 | D:1      | Learned a level 1 spell: Foxfire
  1130 | D:1      | Reached skill level 3 in Spellcasting
  1987 | D:2      | Noticed Robin
  2000 | D:2      | Reached XP level 4. HP: 21/32 MP: 0/0
  2003 | D:2      | Killed Robin
  2277 | D:2      | Reached XP level 5. HP: 26/38 MP: 0/0
  2277 | D:2      | Learned a level 2 spell: Call Imp
  2717 | D:2      | Found the +7 Throatcutter {drain, coup de grace}
  3081 | D:3      | Noticed a phantom
  3092 | D:3      | Killed a phantom
  3093 | D:3      | Reached skill level 1 in Long Blades
  3093 | D:3      | Reached skill level 4 in Spellcasting
  3093 | D:3      | Reached XP level 6. HP: 33/45 MP: 0/0
  3246 | D:3      | Found a faded altar of an unknown god.
  3287 | D:3      | Found a runed translucent door.
  3300 | D:3      | Noticed zeratav's ghost (amateur TeHu)
  3326 | D:3      | Killed zeratav's ghost
  3327 | D:3      | Reached XP level 7. HP: 21/50 MP: 0/0
  3327 | D:3      | Learned a level 2 spell: Blink
  3530 | D:3      | Noticed Jessica
  3559 | D:3      | Killed Jessica
  4005 | D:4      | Reached skill level 5 in Spellcasting
  4151 | D:4      | Found a snail-covered altar of Cheibriados.
  4467 | D:4      | Reached XP level 8. HP: 58/58 MP: 0/0
  4781 | D:4      | Noticed Ijyb
  4793 | D:4      | Killed Ijyb
  4883 | D:5      | Entered Level 5 of the Dungeon
  4887 | D:5      | Noticed Menkaure
  4895 | D:5      | Killed Menkaure
  5535 | D:5      | Reached skill level 6 in Spellcasting
  5720 | D:5      | Reached skill level 5 in Fighting
  5977 | D:6      | Reached XP level 9. HP: 57/65 MP: 0/0
  5977 | D:6      | Learned a level 4 spell: Animate Dead
  6285 | D:6      | Found a staircase to the Ecumenical Temple.
  6290 | D:6      | Identified the +1 robe of Okawaru's Hatred {rN++ Will+}
  6316 | Temple   | Entered the Ecumenical Temple
  6505 | Temple   | Became a worshipper of Gozag Ym Sagoz the Greedy
  7085 | D:6      | Found a stormy altar of Qazlal.
  7203 | D:7      | Reached skill level 7 in Spellcasting
  7616 | D:7      | Reached skill level 5 in Long Blades
  8331 | D:8      | Noticed Grum
  8338 | D:8      | Reached XP level 10. HP: 58/73 MP: 0/0
  8345 | D:8      | Killed Grum
  8352 | D:8      | Reached skill level 8 in Spellcasting
  8922 | D:8      | Noticed a two-headed ogre
  8941 | D:8      | HP: 2/75 [something (2)]
  8942 | D:8      | Slain by an orc wizard

Illustrated notes

Levels and vault maps discovered:
D:1:      nzn_arrival_water_spiral, layout_basic, hex_large,
          minmay_misc_feat_rows
D:2:      minmay_wonky_spiral, layout_basic, uniq_robin
D:3:      layout_rooms, ebering_ghost_sewer_d,
          chequers_ecumenical_altar_simple_redux, kennysheep_path_1,
          minmay_misc_feat_more_columns, minmay_goblin_outpost, uniq_jessica
D:4:      layout_basic, slow_altar_1, uniq_ijyb
D:5:      layout_cave_pods, uniq_menkaure
D:6:      layout_basic, nicolae_qazlal_scattered_showers,
          minmay_temple_entry_mini_moons
D:7:      layout_basic
D:8:      layout_basic, erik_lair_orcish_takeover, uniq_grum
Temple:   regret_index_temple_chain_breaker

Skill      XL: |  1  2  3  4  5  6  7  8  9 10 |
---------------+-------------------------------+-----
Fighting       | 1 2 3 4 5 6 7 |  7.2
Spellcasting   | 3 4 5 6 7 8 |  8.5
Long Blades    | 1 2 4 5 6 |  6.2
Dodging        | |  2.1
Stealth        | |  1.5

Action                   |  1- 3 |  4- 6 |  7- 9 | 10-12 || total
-------------------------+-------+-------+-------+-------++-------
Melee: Dagger            |    17 |     3 |       |       ||    20
       Long sword        |       |    14 |   124 |    33 ||   171
       Punch             |       |       |     4 |       ||     4
 Cast: Sting             |    35 |     8 |       |       ||    43
       Poisonous Vapours |     7 |       |     6 |       ||    13
       Foxfire           |     4 |    40 |    94 |     4 ||   142
       Mephitic Cloud    |     1 |       |     1 |       ||     2
       Olgreb's Toxic Ra |       |     1 |     4 |     4 ||     9
       Call Imp          |       |     7 |     6 |     1 ||    14
       Animate Dead      |       |       |     2 |       ||     2
       Blink             |       |       |       |     2 ||     2
Evoke: Wand              |       |       |       |     2 ||     2
  Use: Potion            |       |       |       |     2 ||     2
 Stab: Sleeping          |     2 |     2 |     3 |       ||     7
       Confused          |     1 |       |       |       ||     1
       Distracted        |       |       |     1 |       ||     1
       Paralysed         |       |       |       |     3 ||     3
Armor: Robe              |     5 |       |    26 |     9 ||    40
       Animal skin       |       |     5 |    13 |       ||    18
       Leather armour    |       |       |     9 |       ||     9
Dodge: Dodged            |    20 |     9 |    79 |    28 ||   136

Table legend: (Time is in decaauts)
 A = Elapsed time spent in this place.
 B = Non-inter-level travel time spent in this place.
 C = Inter-level travel time spent in this place.
 D = Time resting spent in this place.
 E = Time spent auto-exploring this place.
 F = Levels seen in this place.
 G = Mean time per level.
                   A        B        C        D        E       F      G
               +--------+--------+--------+--------+--------+-----+--------+
         Total |   8978 |   8727 |    251 |   2840 |   4414 |   9 |  997.6 |
       Dungeon |   8779 |   8537 |    242 |   2840 |   4279 |   8 | 1097.4 |
        Temple |    198 |    189 |      9 |      0 |    135 |   1 |  198.0 |
               +--------+--------+--------+--------+--------+-----+--------+

Top non-repeatable levels by time:
     D:1: 1627 daAuts
     D:2: 1396 daAuts
     D:6: 1063 daAuts
     D:5: 1047 daAuts
     D:7: 1014 daAuts
     D:4: 968 daAuts
     D:3: 909 daAuts
     D:8: 753 daAuts
  Temple: 198 daAuts
